 Dungeon Crawl Stone Soup version 0.25-a0-576-g50b708a4c4 (webtiles) character file.

Game seed: 10987098940475779493, levelgen mode: deterministic

86227 Flugslaktarn the Severer (level 15, -3/142 HPs)
             Began as a Deep Dwarf Fighter on Mar 1, 2020.
             Was a High Priest of Makhleb.
             Slain by a 19-headed hydra (9 damage)
             ... on level 4 of the Swamp.
             The game lasted 00:11:24 (12859 turns).

Flugslaktarn the Severer (Deep Dwarf Fighter)      Turns: 12859, Time: 00:11:24

Health: -3/142     AC: 30    Str: 31    XL:     15   Next: 3%
Magic:  8/8        EV:  7    Int: 11    God:    Makhleb [*****.]
Gold:   1800       SH: 13    Dex: 12    Spells: 14/14 levels left

rFire    + + .     SeeInvis .   r - +12 broad axe "Dittost" {vorpal, Str+3}
rCold    . . .     Gourm    .   c - +0 kite shield
rNeg     + . .     Faith    +   L - +2 plate armour {rF+}
rPois    .         Spirit   .   B - +2 helmet
rElec    .         Reflect  .   x - +2 cloak
rCorr    .         Harm     .   A - +0 pair of gloves
MR       +++..                  p - +2 pair of boots
Stlth    ..........             F - amulet of faith
HPRegen  0.00/turn              m - ring of protection from magic
MPRegen  0.11/turn              f - ring of protection from fire

@: lethally poisoned (-3 -> -3), non-regenerating
A: damage resistance, heal wounds, clever 1, negative energy resistance 1, sense
surroundings 2, strong 1, MP-powered wands, no regeneration
}: 1/15 runes: decaying
a: Heal Wounds, Minor Destruction, Lesser Servant of Makhleb, Major Destruction,
Greater Servant of Makhleb, Renounce Religion


You were on level 4 of the Swamp.
You worshipped Makhleb.
Makhleb was extremely pleased with you.
You were hungry.

You visited 4 branches of the dungeon, and saw 20 of its levels.
You also visited: Ossuary and Volcano.

You collected 1800 gold pieces.

Inventory:

Hand Weapons
 a - a +1 war axe
 r - the +12 broad axe "Dittost" (weapon) {vorpal, Str+3}
   (You acquired it on level 4 of the Swamp)

   It inflicts extra damage upon your enemies.
   It affects your strength (+3).
 I - a +1 war axe of venom
   (You found it on level 1 of the Lair of Beasts)
 J - a +0 battleaxe of flaming
   (You found it in a volcano)
Missiles
 k - 5 throwing nets (quivered)
Armour
 c - a +0 kite shield (worn)
 p - a +2 pair of boots (worn)
   (You found it on level 3 of the Dungeon)
 x - a +2 cloak (worn)
   (You found it on level 5 of the Dungeon)
 A - a +0 pair of gloves (worn)
   (You found it on level 5 of the Dungeon)
 B - a +2 helmet (worn)
   (You found it on level 7 of the Dungeon)
 L - a +2 plate armour of fire resistance (worn)
   (You found it in a volcano)
Jewellery
 f - a ring of protection from fire (right hand)
   (You found it on level 6 of the Lair of Beasts)
 i - an uncursed ring of see invisible
   (You found it on level 5 of the Dungeon)
 m - a ring of protection from magic (left hand)
   (You took it off a big kobold on level 9 of the Dungeon)
 v - an uncursed ring of positive energy
   (You found it on level 4 of the Dungeon)
 F - an amulet of faith (around neck)
   (You found it on level 5 of the Lair of Beasts)
Wands
 g - a wand of acid (12)
   (You found it on level 8 of the Dungeon)
 D - a wand of iceblast (6)
   (You found it on level 5 of the Dungeon)
 E - a wand of enslavement (6)
   (You found it on level 8 of the Dungeon)
 H - a wand of paralysis (7)
   (You found it on level 2 of the Lair of Beasts)
 K - a wand of clouds (2)
   (You found it on level 5 of the Dungeon)
Scrolls
 b - a scroll of silence
 l - 4 scrolls of enchant weapon
 o - 2 scrolls of magic mapping
 y - 2 scrolls of remove curse
 z - 3 scrolls of blinking
 C - 2 scrolls of enchant armour
 G - 2 scrolls of fog
 M - 2 scrolls of brand weapon
Potions
 d - 7 potions of might
 h - a potion of haste
 j - 4 potions of brilliance
 n - 2 potions of resistance
 q - 8 potions of curing
 t - a potion of invisibility {unknown}
 u - 2 potions of mutation
 w - 3 potions of heal wounds
 O - a potion of flight {unknown}
 P - 3 potions of stabbing
 Q - a potion of magic {unknown}
Comestibles
 e - 36 rations


   Skills:
 + Level 11.2 Fighting
 * Level 17.2 Axes
 + Level 13.0 Armour
 + Level 10.6 Shields
 + Level 13.0 Invocations


You had 14 spell levels left.
You didn't know any spells.
Your spell library was empty.

Dungeon Overview and Level Annotations

Branches:
Dungeon (9/15)             Temple (1/1) D:6            Lair (6/6) D:9
  Swamp (4/4) Lair:4        Snake (0/4) Lair:2        Slime (0/5) Lair:6
Ossuary (visited)         Volcano (visited)
    Orc: D:9-12

Altars:
Ashenzari
Cheibriados
Dithmenos
Elyvilon
Fedhas
Gozag
Hepliaklqana
Kikubaaqudgha
Makhleb
Nemelex Xobeh
Okawaru
Qazlal
Ru
Sif Muna
Trog
Uskayaw
Vehumet
Wu Jian
Xom
Yredelemnul
Zin
The Shining One

Annotations:
D:3 3 runed translucent doors, Gruesome's ghost, amateur GrFi
D:6 2 transporters
Lair:5 exclusion: oklob plant


Innate Abilities, Weirdness & Mutations

You are resistant to damage.
You can heal yourself by infusing magical energy.
You resist negative energy. (rN+)
You passively map the area around you.
You do not regenerate.
Your mind is acute. (Int +2)
Your muscles are strong. (Str +2)
You expend magic power (3 MP) to strengthen your wands.


Message History

The 18-headed hydra bites you but does no damage.
The 18-headed hydra bites you.
* * * LOW HITPOINT WARNING * * *
The 18-headed hydra bites you but does no damage.
The 18-headed hydra bites you.
The 18-headed hydra bites you but does no damage. x2
You chop one of the 18-headed hydra's heads off!
The 17-headed hydra grows two more!
You slash the 19-headed hydra!
The 19-headed hydra is almost dead.
The 19-headed hydra bites you but does no damage.
The 19-headed hydra barely misses you.
The 19-headed hydra bites you but does no damage.
The 19-headed hydra bites you. x2
* * * LOW HITPOINT WARNING * * *
You block the 19-headed hydra's attack. x2
The 19-headed hydra closely misses you.
The 19-headed hydra bites you but does no damage. x3
The 19-headed hydra barely misses you.
The 19-headed hydra closely misses you. x2
You block the 19-headed hydra's attack. The 19-headed hydra bites you!
You die...

≈≈.♣≈≈ ≈§.≈♣*♣≈≈.≈..≈..≈♣ *
, ≈≈≈≈♣ ♣♣* ♣≈.††.♣♣...≈♣ ≈
, ≈≈≈≈♣ * *♣♣♣≈≈..≈.♣≈≈...♣
≈≈ ≈≈≈≈♣ ,
*♣♣♣††§≈..≈♣♣≈≈≈≈..,≈ ≈≈.♣♣
♣♣* *♣♣≈.≈♣♣##♣.≈≈≈≈..w. ≈,
..♣♣ ♣♣.♣♣♣♣.≈♣♣# #♣≈.≈..♣♣
≈≈≈ ♣♣♣ ♣.§.≈♣.≈♣# #####
♣≈≈≈≈* ≈
♣.?≈≈.♣####..(###♣... ,
♣♣♣♣♣♣♣♣.PP≈♣##.@.....##♣≈≈,
♣.≈≈.♣♣≈.≈P♣##...D.....#
.≈≈≈≈.♣♣.≈.♣##.........#* ≈
≈≈≈≈≈≈.♣..≈.♣#.........# ≈
≈≈≈≈≈≈.♣♣≈.≈♣##.......## ≈,
.≈≈≈≈≈.♣♣≈.≈.♣#.......#
.≈≈≈≈≈.♣♣♣≈.≈.##.....## , ,
≈≈≈≈≈≈.♣♣.○≈≈≈♣##...## ,. *
≈≈≈≈≈..♣.○≈○♣≈§≈##.##≈§≈.


You could see a 19-headed hydra.

Vanquished Creatures
  A thorn hunter (Swamp:4)
  A fire dragon (Lair:6)
  11 hydras
  A catoblepas (Lair:6)
  2 alligators
  A shambling mangrove (Swamp:4)
  A two-headed ogre (D:8)
  10 death yaks
  A hell knight (Volcano)
  Sonja (Lair:2)
  A salamander mystic (Volcano)
  5 swamp dragons (Swamp:4)
  2 spriggan druids (Swamp:4)
  A lindwurm (Lair:6)
  6 salamanders (Volcano)
  8 black mambas
  3 molten gargoyles (Lair:6)
  12 spiny frogs
  6 komodo dragons
  6 rime drakes
  6 hornets
  2 tyrant leeches (Swamp:4)
  3 bog bodies
  23 blink frogs
  6 dream sheep (Lair:6)
  18 hippogriffs
  11 spriggans (Lair:3)
  20 wyverns
  A fire elemental (Lair:5)
  25 yaks
  14 basilisks
  2 steam dragons (Lair:6)
  2 vampire mosquitoes (Swamp:4)
  A warg (Lair:2)
  4 swamp worms (Swamp:4)
  3 insubstantial wisps (Swamp:4)
  Edmund (D:5)
  5 hell hounds (Lair:6)
  6 porcupines
  11 water moccasins
  7 swamp drakes
  2 black bears (D:8)
  4 sky beasts
  2 phantoms
  3 necrophages
  3 ogres
  3 boggarts (Lair:3)
  5 centaurs
  16 wolves
  9 crocodiles
  2 big kobolds
  2 elf zombies (Ossuary)
  7 bullfrogs
  A gnoll sergeant (D:8)
  A wyvern zombie (D:9)
  2 scorpions
  4 wights (D:6)
  A howler monkey (D:4)
  2 crimson imps
  5 lava snakes (Lair:6)
  A quasit (D:8)
  3 hounds
  A bullfrog skeleton (D:6)
  An orc priest (D:9)
  A human zombie (Ossuary)
  10 jellies
  4 orc wizards
  3 iguanas
  Natasha (twice) (D:4)
  4 worker ants
  A killer bee zombie (D:7)
  2 hound zombies
  4 mummies (Ossuary)
  13 gnolls
  8 adders
  A shadow imp (D:5)
  12 oozes
  An adder skeleton (D:7)
  3 worms
  A dart slug (D:1)
  8 leopard geckos
  15 orcs
  3 bats
  2 giant cockroaches
  3 gnoll zombies (Ossuary)
  A goblin (D:1)
  4 hobgoblins
  10 jackals
  A quokka (D:5)
  A ball python (D:4)
  A frilled lizard (D:4)
  2 goblin zombies (Ossuary)
  A jackal zombie (Ossuary)
  11 kobolds
  A leopard gecko skeleton (D:9)
  2 orc zombies (Ossuary)
  A quokka skeleton (D:5)
  A quokka zombie (D:9)
  A rat (D:1)
  4 briar patches (Swamp:4)
  A bush (Lair:2)
  3 fungi
  6 plants
484 creatures vanquished.

Vanquished Creatures (collateral kills)
  A thorn hunter (Swamp:4)
  5 hydras
  A swamp dragon (Swamp:4)
  A tyrant leech (Swamp:4)
  An insubstantial wisp (Swamp:4)
  5 swamp drakes (Swamp:4)
14 creatures vanquished.

Vanquished Creatures (others)
  A rime drake (Lair:5)
  A komodo dragon (Lair:6)
  A swamp drake (Swamp:4)
  16 fungi
  10 plants
29 creatures vanquished.

Grand Total: 527 creatures vanquished

Notes
Turn   | Place    | Note
-------+----------+-------------------------------------------
     0 | D:1      | Flugslaktarn the Deep Dwarf Fighter began the quest for the
                  | Orb.
     0 | D:1      | Reached XP level 1. HP: 20/20 MP: 1/1
   140 | D:1      | Reached XP level 2. HP: 27/27 MP: 2/2
   295 | D:3      | Found a runed translucent gate.
   295 | D:3      | Found a runed translucent gate.
   295 | D:3      | Found a runed translucent gate.
   296 | D:3      | Noticed Gruesome's ghost (amateur GrFi)
   432 | D:3      | Reached skill level 3 in Axes
   434 | D:3      | Reached XP level 3. HP: 24/33 MP: 3/3
   920 | D:4      | Noticed an ogre
   935 | D:4      | Reached XP level 4. HP: 31/42 MP: 4/4
   938 | D:4      | Killed an ogre
   938 | D:4      | Reached skill level 4 in Axes
   938 | D:4      | Reached XP level 5. HP: 36/49 MP: 5/5
  1091 | D:4      | Noticed a phantom
  1127 | D:4      | Killed a phantom
  1140 | D:4      | Found a shimmering blue altar of Sif Muna.
  1159 | D:4      | Noticed a centaur
  1173 | D:4      | Killed a centaur
  1173 | D:4      | Reached skill level 5 in Axes
  1173 | D:4      | Reached XP level 6. HP: 35/57 MP: 6/6
  1197 | D:4      | Noticed Natasha
  1205 | D:4      | Killed Natasha
  1634 | D:4      | Reached XP level 7. HP: 43/64 MP: 7/7
  1656 | D:4      | Noticed Natasha
  1661 | D:4      | Killed Natasha
  1868 | D:5      | Entered Level 5 of the Dungeon
  1976 | D:5      | Found a hide-covered altar of Uskayaw.
  1985 | D:5      | Reached skill level 5 in Armour
  2025 | D:5      | Reached skill level 5 in Shields
  2134 | D:5      | Found a sand-covered staircase.
  2141 | Ossuary  | Entered an ossuary
  2160 | Ossuary  | Reached skill level 6 in Axes
  2333 | D:5      | Gained mutation: You expend magic power (3 MP) to
                  | strengthen your wands. [potion of mutation]
  2333 | D:5      | Gained mutation: Your mind is acute. (Int +2) [potion of
                  | mutation]
  2333 | D:5      | Gained mutation: You passively map the area around you.
                  | [potion of mutation]
  2333 | D:5      | Gained mutation: Your muscles are strong. (Str +2) [potion
                  | of mutation]
  2394 | D:5      | Reached XP level 8. HP: 56/73 MP: 7/7
  2491 | D:5      | Reached skill level 7 in Axes
  2530 | D:5      | Noticed Edmund
  2540 | D:5      | Killed Edmund
  2608 | D:5      | Reached skill level 5 in Fighting
  2679 | D:6      | Reached skill level 8 in Axes
  2775 | D:6      | Found a blossoming altar of Fedhas.
  2795 | D:6      | Found a staircase to the Ecumenical Temple.
  2804 | Temple   | Entered the Ecumenical Temple
  3076 | D:6      | Mutation became permanent: You passively map a small area
                  | around you. [Deep Dwarf growth]
  3076 | D:6      | Gained mutation: You passively map the area around you.
                  | [Deep Dwarf growth]
  3076 | D:6      | Reached XP level 9. HP: 79/81 MP: 7/7
  3084 | D:6      | Found a transporter.
  3148 | D:6      | Found a transporter.
  3197 | D:6      | You fall into a shaft and drop 2 floors!
  3213 | D:8      | Found an opulent altar of Gozag.
  3638 | D:6      | Reached skill level 9 in Axes
  3642 | D:6      | Found a bloodstained altar of Trog.
  4593 | D:8      | Found a basalt altar of Yredelemnul.
  4594 | D:8      | Found a burning altar of Makhleb.
  4603 | D:8      | Became a worshipper of Makhleb the Destroyer
  4694 | D:8      | Noticed a two-headed ogre
  4712 | D:8      | Killed a two-headed ogre
  4712 | D:8      | Reached skill level 10 in Axes
  4855 | D:8      | Reached XP level 10. HP: 66/92 MP: 7/7
  5388 | D:9      | Found a hazy altar of Hepliaklqana.
  5565 | D:9      | Found a staircase to the Lair.
  5597 | D:9      | Reached * piety under Makhleb
  6120 | Lair:1   | Entered Level 1 of the Lair of Beasts
  6260 | Lair:1   | Noticed a spiny frog
  6273 | Lair:1   | Killed a spiny frog
  6822 | Lair:2   | Noticed a spiny frog
  6834 | Lair:2   | Killed a spiny frog
  6911 | Lair:2   | Reached skill level 11 in Axes
  6938 | Lair:2   | Noticed Sonja
  6948 | Lair:2   | Killed Sonja
  6948 | Lair:2   | Reached skill level 5 in Invocations
  7098 | Lair:2   | Noticed a spiny frog
  7104 | Lair:2   | Killed a spiny frog
  7104 | Lair:2   | Reached XP level 11. HP: 58/100 MP: 10/10
  7233 | Lair:2   | Reached ** piety under Makhleb
  7258 | Lair:2   | Found a staircase to the Snake Pit.
  7649 | Lair:3   | Noticed a death yak
  7650 | Lair:3   | Noticed a death yak
  7650 | Lair:3   | Noticed a death yak
  7651 | Lair:3   | Noticed a death yak
  7651 | Lair:3   | Noticed a death yak
  7651 | Lair:3   | Noticed a death yak
  7674 | Lair:3   | Killed a death yak
  7674 | Lair:3   | Reached skill level 12 in Axes
  7687 | Lair:3   | Killed a death yak
  7691 | Lair:3   | Killed a death yak
  7699 | Lair:3   | Killed a death yak
  7699 | Lair:3   | Killed a death yak
  7704 | Lair:3   | Killed a death yak
  7719 | Lair:3   | Found a dark tunnel.
  7726 | Volcano  | Entered a volcano
  7742 | Volcano  | Noticed a salamander mystic
  7745 | Volcano  | Found a radiant altar of Vehumet.
  7757 | Volcano  | Killed a salamander mystic
  7766 | Volcano  | Reached XP level 12. HP: 66/111 MP: 11/11
  7784 | Volcano  | Reached skill level 13 in Axes
  7793 | Volcano  | Reached skill level 10 in Shields
  7857 | Volcano  | Reached skill level 10 in Armour
  8165 | Lair:3   | Reached *** piety under Makhleb
  8592 | Lair:3   | Noticed a death yak
  8592 | Lair:3   | Noticed a death yak
  8594 | Lair:3   | Noticed a death yak
  8650 | Lair:3   | Reached skill level 14 in Axes
  8854 | Lair:3   | Noticed a six-headed hydra
  8897 | Lair:3   | Killed a six-headed hydra
  9434 | Lair:4   | Found a staircase to the Swamp.
  9949 | Lair:5   | Noticed a four-headed hydra
  9964 | Lair:5   | Reached XP level 13. HP: 94/121 MP: 10/10
 10006 | Lair:5   | Reached skill level 10 in Invocations
 10007 | Lair:5   | Reached **** piety under Makhleb
 10388 | Lair:5   | Reached skill level 15 in Axes
 10508 | Lair:5   | Reached ***** piety under Makhleb
 10554 | Lair:5   | Reached skill level 10 in Fighting
 10914 | Lair:6   | Entered Level 6 of the Lair of Beasts
 11087 | Lair:6   | Found a large runed translucent door.
 11087 | Lair:6   | Found a large runed translucent door.
 11143 | Lair:6   | Noticed a fire dragon
 11189 | Lair:6   | Gained mutation: You resist negative energy. (rN+) [Deep
                  | Dwarf growth]
 11189 | Lair:6   | Reached XP level 14. HP: 66/132 MP: 10/10
 11310 | Lair:6   | Reached skill level 16 in Axes
 12062 | Swamp:1  | Entered Level 1 of the Swamp
 12250 | Swamp:4  | Entered Level 4 of the Swamp
 12344 | Swamp:4  | Reached ****** piety under Makhleb
 12345 | Swamp:4  | Noticed a thorn hunter
 12366 | Swamp:4  | Killed a thorn hunter
 12417 | Swamp:4  | Identified a scroll of acquirement
 12418 | Swamp:4  | Identified the +12 broad axe "Dittost" {vorpal, Str+3} (You
                  | acquired it on level 4 of the Swamp)
 12418 | Swamp:4  | Identified the ring of the Harvest {Ice rN+} (You acquired
                  | it on level 4 of the Swamp)
 12638 | Swamp:4  | Reached skill level 17 in Axes
 12641 | Swamp:4  | Noticed a balrug
 12642 | Swamp:4  | Noticed a thorn hunter
 12819 | Swamp:4  | Killed a thorn hunter
 12819 | Swamp:4  | Reached XP level 15. HP: 52/142 MP: 8/8
 12843 | Swamp:4  | Got a decaying rune of Zot
 12859 | Swamp:4  | HP: 6/142 [19-headed hydra (5)]
 12859 | Swamp:4  | Slain by a 19-headed hydra

Levels and vault maps discovered:
D:1:      heliophobic_arrival_battle_scene, layout_loops_ring, serial_forest,
          infiniplex_forest_lined_3, infiniplex_forest_end_2,
          infiniplex_forest_lined_4_way, infiniplex_forest_lined_2,
          infiniplex_forest_clump_tiny, infiniplex_forest_join,
          infiniplex_forest_clump_medium
D:2:      layout_loops_ring, first_ration
D:3:      layout_basic, gammafunk_ghost_necromancy
D:4:      layout_loops_corners, lemuel_blue_sif_altar, uniq_natasha
D:5:      layout_basic, eat_drink_and_be_merry_uskayaw,
          chequers_ossuary_entry_cave, uniq_edmund
D:6:      gammafunk_steamed_eel, layout_cave_pools, fedhas_altar_2, bloody_trog,
          lemuel_temple_firewalk_a, dk_rats_in_the_wall
D:7:      layout_layer_cave
D:8:      layout_loops_ring, minitemple, kennysheep_mini_moat,
          blue_anna_alchemist [blue_anna_fruit_fields, blue_anna_fruit_fields]
D:9:      layout_layer_cave, nicolae_overflow_hidden_temple, lair_entry_dummy
Temple:   eino_narrow_crystal_temple
Lair:1:   layout_loops_ring, st_stairs_7, grunt_megastairs_4
Lair:2:   beast_lair_carwin_large_4, layout_loops_ring, uniq_sonja
Lair:3:   kb_forest_paths, layout_regular_city, nicolae_volcano_entry_hallway,
          serial_bayou_shore_b
Lair:4:   layout_roguey, skrybe_swamp_entry_bodies, serial_rivers,
          chequers_serial_rivers_small_b, chequers_serial_rivers_room_a,
          chequers_serial_rivers_room_b, chequers_serial_rivers_room_a,
          chequers_serial_rivers_large_b, chequers_serial_rivers_room_b
Lair:5:   lemuel_slime, layout_gridlike, special_room
          [special_room_mythical_zoo]
Lair:6:   cheibrodos_lair_end_hotspot, layout_loops_ring,
          dpeg_slime_entry_enclosed_altar, special_room
          [special_room_mythical_zoo]
Swamp:1:  layout_falls_marsh, hangedman_swamp_pad, ldierk_geyser
Swamp:2:  layout_falls_marsh, evilmike_swamp_ruin_rubble_1, swamp_pool5,
          nicolae_swamp_hydra_murder_den, infiniplex_staircase_pool_2
Swamp:3:  layout_basic_swamp, nicolae_swamp_treefoil, swamp_pool1
Swamp:4:  swamp, layout_basic_swamp, swamp_pool1, infiniplex_staircase_pool

Skill      XL: |  1  2  3  4  5  6  7  8  9 10 11 12 13 14 15 |
---------------+----------------------------------------------+-----
Axes           | 3 4 5 6 8 10 11 12 14 15 17 | 17.2
Fighting       | 3 4 5 6 7 8 9 10 11 | 11.2
Armour         | 4 5 6 7 8 9 10 12 13 | 13.0
Shields        | 4 5 6 7 8 9 10 | 10.6
Invocations    | 2 5 7 9 11 12 13 | 13.0

Action                   |  1- 3 |  4- 6 |  7- 9 | 10-12 | 13-15 || total
-------------------------+-------+-------+-------+-------+-------++-------
Melee: War axe           |    81 |    77 |   287 |   625 |    28 ||  1098
       Hand axe          |       |       |   198 |    79 |       ||   277
       Battleaxe         |       |       |       |    50 |   531 ||   581
       Broad axe         |       |       |       |       |   135 ||   135
Invok: Lesser Servant of |       |       |       |     3 |     1 ||     4
       Greater Servant o |       |       |       |       |     4 ||     4
 Abil: Heal Wounds       |     2 |     4 |    15 |    20 |    22 ||    63
Evoke: Wand              |       |       |       |     7 |     1 ||     8
  Use: Scroll            |       |       |    15 |     5 |    13 ||    33
       Potion            |       |       |     1 |       |     9 ||    10
 Stab: Paralysed         |       |       |       |     3 |       ||     3
       Confused          |       |       |       |     1 |     1 ||     2
  Eat: Chunk             |       |     3 |    10 |    16 |     9 ||    38
       Ration            |       |       |       |     1 |       ||     1
Armor: Scale mail        |    44 |    27 |   274 |   181 |       ||   526
       Plate armour      |       |       |       |   200 |  1023 ||  1223
Dodge: Dodged            |    26 |    18 |   155 |   193 |   440 ||   832
Block: Kite shield       |    63 |    39 |   281 |   404 |   248 ||  1035

Table legend:
 A = Non-vault XP
 B = Vault XP
 C = Vault XP percentage of total XP
 D = Non-vault monster count
 E = Vault monster count
 F = Vault count percentage of total count
                 A         B        C        D         E       F
            +---------+---------+-------+---------+---------+-------
      Total |   52056 |   52555 |  50.2 |     295 |     190 |  39.2
            +---------+---------+-------+---------+---------+-------
        D:1 |      18 |       0 |   0.0 |      10 |       0 |   0.0
        D:3 |      39 |       0 |   0.0 |      16 |       0 |   0.0
        D:4 |     695 |      36 |   4.9 |      18 |       1 |   5.3
        D:5 |     658 |     158 |  19.4 |      18 |       1 |   5.3
        D:6 |     975 |       0 |   0.0 |      23 |       0 |   0.0
        D:7 |     611 |       0 |   0.0 |      16 |       0 |   0.0
        D:8 |    2300 |      97 |   4.0 |      26 |       1 |   3.7
        D:9 |     584 |       0 |   0.0 |      20 |       0 |   0.0
     Lair:1 |    1153 |     196 |  14.5 |       7 |       1 |  12.5
     Lair:2 |    3942 |    2612 |  39.9 |      19 |      17 |  47.2
     Lair:3 |   10921 |    5578 |  33.8 |      34 |      20 |  37.0
     Lair:4 |    1726 |     524 |  23.3 |       5 |       2 |  28.6
     Lair:5 |   10517 |    7736 |  42.4 |      30 |      43 |  58.9
     Lair:6 |    7108 |   16708 |  70.2 |      26 |      54 |  67.5
    Swamp:1 |    1917 |       0 |   0.0 |       2 |       0 |   0.0
    Swamp:2 |       0 |     403 | 100.0 |       0 |       3 | 100.0
    Swamp:3 |     872 |       0 |   0.0 |       1 |       0 |   0.0
    Swamp:4 |    8020 |   13556 |  62.8 |      24 |      23 |  48.9
    Ossuary |       0 |     342 | 100.0 |       0 |      16 | 100.0
    Volcano |       0 |    4609 | 100.0 |       0 |       8 | 100.0
            +---------+---------+-------+---------+---------+-------
